AoeStats
← el gordo eduardo

Arabia

507838748Analyzed
2v2 RM · 13d ago on Sep 19, 2026· 65m 19s· 4 players
Game mode
Random Map
Map size
Medium (4 player)
Population
200
Speed
Normal
Resources
Standard
Victory
Conquest
Starting age
Dark Age
Ending age
Imperial Age
RankedLock teamsTeams togetherTeam positionsShared explorationLock speedFull tech treeHidden civsTurbo modeCheats
Victory
Defeat
🇦🇷 Byzantines · Argentina
403
+19
🇦🇷 Italians · Argentina
382
+19
🇮🇹 Huns · Italy
466
-19
🇺🇸 Byzantines · United States
453
-19
Trumpie23
14:55 Feudal Age
14:59 Loom
15:48 Double-Bit Axe
15:45 Horse Collar
26:24 Castle Age
27:31 Bow Saw
28:08 Fletching
27:55 Pikeman
29:34 Stone Mining
29:34 Gold Mining
30:21 Elite Skirmisher
36:37 Imperial Age
35:05 Forging
37:35 Padded Archer Armor
37:35 Scale Mail Armor
40:17 Guard Tower
41:26 Fortified Wall
46:27 Leather Archer Armor
46:44 Ballistics
52:46 Chain Mail Armor
53:07 Iron Casting
55:05 Halberdier
61:29 Ring Archer Armor
61:30 Plate Mail Armor
62:23 Two-Man Saw
65:02 Heavy Plow
65:42 Plate Mail Armor
hushaoqing19940215
16:19 Feudal Age
18:53 Wheelbarrow
18:54 Double-Bit Axe
19:45 Horse Collar
22:13 Man-at-Arms
22:41 Arson
27:18 Castle Age
25:45 Town Watch
25:45 Loom
27:33 Gold Mining
27:34 Stone Mining
29:05 Thumb Ring
28:21 Crossbowman
29:43 Bow Saw
30:32 Padded Archer Armor
30:23 Fletching
30:05 Pikeman
30:48 Squires
32:45 Hand Cart
32:35 Heavy Plow
34:19 Leather Archer Armor
34:11 Scale Barding Armor
34:19 Forging
40:08 Long Swordsman
46:20 Imperial Age
49:35 Town Patrol
50:12 Gold Shaft Mining
49:01 Two-Handed Swordsman
51:02 Elite Tarkan
53:04 Two-Man Saw
53:22 Chain Barding Armor
53:05 Scale Mail Armor
Logo
14:32 Feudal Age
15:13 Double-Bit Axe
15:15 Horse Collar
15:59 Stone Mining
18:27 Wheelbarrow
24:50 Castle Age
25:52 Bow Saw
25:48 Heavy Plow
25:46 Gold Mining
26:37 Stone Shaft Mining
25:52 Elite Skirmisher
25:59 Pikeman
27:37 Squires
28:57 Forging
29:11 Scale Mail Armor
30:46 Hand Cart
33:48 Iron Casting
33:46 Chain Mail Armor
38:51 Imperial Age
38:56 Halberdier
39:00 Capped Ram
49:44 Siege Ram
50:02 Onager
53:31 Conscription
53:23 Logistica
el gordo eduardo
13:57 Feudal Age
14:31 Double-Bit Axe
14:32 Horse Collar
14:49 Gold Mining
15:14 Stone Mining
20:24 Forging
20:19 Scale Mail Armor
20:21 Padded Archer Armor
24:58 Castle Age
25:33 Crossbowman
26:31 Bow Saw
27:47 Stone Shaft Mining
27:12 Pikeman
27:55 Squires
30:26 Iron Casting
30:07 Chain Mail Armor
30:08 Leather Archer Armor
29:44 Fletching
31:32 Thumb Ring
30:48 Elite Skirmisher
37:42 Imperial Age
36:23 Heavy Plow
40:15 Capped Ram
46:44 Arbalester
49:24 Blast Furnace
48:56 Plate Mail Armor
48:57 Ring Archer Armor
48:22 Bodkin Arrow
Connection lost

Rejoining the realm…

Still unreachable

The connection could not be restored.

Session expired

The server has moved on; the page needs a fresh start.